 Dungeon Crawl Stone Soup version 0.26.1-11-gd32895ea62 (webtiles) character file.

Game seed: 10885896536044063855

497 Almogavar the Covered (level 7, -4/56 HPs)
             Began as a Gnoll Wanderer on Apr 30, 2021.
             Slain by Edmund
             ... wielding a +2 flail of protection
              (8 damage)
             ... on level 5 of the Dungeon.
             The game lasted 00:14:28 (5623 turns).

Almogavar the Covered (Gnoll Wanderer)              Turns: 5623, Time: 00:14:28

Health: -4/56      AC:  9    Str: 15    XL:     7   Next: 16%
Magic:  10/10      EV: 12    Int: 14    God:
Gold:   287        SH:  0    Dex: 16    Spells: 9/10 levels left

rFire    + . .     SeeInvis +   a - +0 hand axe
rCold    + . .     Faith    .   (no shield)
rNeg     . . .     Spirit   .   A - +2 leather armour {rPois}
rPois    +         Reflect  .   (no helmet)
rElec    +         Harm     .   p - +0 cloak
rCorr    +         Rampage  .   s - +0 pair of gloves
Will     .....                  o - +0 pair of boots (curse)
Stlth    +++.......             m - amulet of the acrobat
HPRegen  0.18/turn              e - ring of resist corrosion
MPRegen  0.12/turn              x - ring of see invisible

@: resistant, hasted, very quick
A: distributed training, fangs 1, strong nose
a: no special abilities


You were on level 5 of the Dungeon.
You visited 1 branch of the dungeon, and saw 5 of its levels.

You collected 287 gold pieces.

Inventory:

Hand Weapons
 a - a +0 hand axe (weapon)
 d - a +0 dagger
 w - a +0 hunting sling
Missiles
 g - 47 sling bullets
 h - 87 stones (quivered)
 l - 43 arrows
 v - 31 bolts
 y - 5 javelins
Armour
 i - a +0 chain mail
 o - a cursed +0 pair of boots (worn)
 p - a +0 cloak (worn)
 s - a +0 pair of gloves (worn)
 A - a +2 leather armour of poison resistance (worn)
Jewellery
 e - a ring of resist corrosion (left hand)
 m - an amulet of the acrobat (around neck)
 x - a ring of see invisible (right hand)
Scrolls
 c - 2 scrolls of fog
 j - 3 scrolls of remove curse
 k - 4 scrolls of teleportation
 q - 3 scrolls of fear
 r - 4 scrolls of enchant armour
 B - 2 scrolls of amnesia {unknown}
Potions
 f - 2 potions of haste
 n - a potion of ambrosia
 t - a potion of resistance
 u - 2 potions of mutation {unknown}
 z - a potion of curing {unknown}


   Skills:
 + Level 5.1 Fighting
 + Level 2.3 Short Blades
 + Level 2.3 Long Blades
 + Level 3.5 Axes
 + Level 2.3 Maces & Flails
 + Level 2.3 Polearms
 + Level 2.3 Staves
 + Level 2.3 Slings
 + Level 2.3 Bows
 + Level 2.3 Crossbows
 + Level 2.3 Throwing
 + Level 5.1 Armour
 + Level 2.3 Dodging
 + Level 4.8 Stealth
 + Level 2.3 Shields
 + Level 2.3 Unarmed Combat
 + Level 2.3 Spellcasting
 + Level 1.8 Conjurations
 + Level 1.8 Hexes
 + Level 1.8 Summonings
 + Level 1.8 Necromancy
 + Level 1.8 Translocations
 + Level 1.8 Transmutations
 + Level 1.8 Fire Magic
 + Level 4.2 Ice Magic
 + Level 1.8 Air Magic
 + Level 2.8 Earth Magic
 + Level 1.8 Poison Magic
 + Level 2.5 Invocations
 + Level 2.3 Evocations


You had 9 spell levels left.
You knew the following spells:

 Your Spells              Type           Power        Failure   Level
a - Freeze                Ice            52%          4%          1

Your spell library contained the following spells:

 Spells                   Type           Power        Failure   Level
 Magic Dart               Conj           24%          13%         1
 Frozen Ramparts          Ice            26%          14%         3
 Ozocubu's Armour         Ice            13%          14%         3
 Blink                    Tloc           N/A          19%         2
 Call Imp                 Summ           6%           19%         2
 Slow                     Hex            6%           19%         2
 Conjure Flame            Conj/Fire      6%           36%         3
 Mephitic Cloud           Conj/Pois/Air  6%           36%         3
 Hailstorm                Conj/Ice       10%          61%         4
 Summon Ice Beast         Ice/Summ       10%          61%         4


Dungeon Overview and Level Annotations

Branches:
Dungeon (5/15)
 Temple: D:4-7

Altars:
Dithmenos
Fedhas
Kikubaaqudgha
Makhleb
Nemelex Xobeh
Ru
Sif Muna
Uskayaw
Vehumet
Yredelemnul

Annotations:
D:5 Edmund


Innate Abilities, Weirdness & Mutations

Your experience applies equally to all skills.
You have very sharp teeth.
Your uncanny sense of smell can sniff out nearby items.


Message History

* * * LOW HITPOINT WARNING * * *
You completely miss Edmund. You bite Edmund, but do no damage.
Edmund is almost dead.
You hit Edmund but do no damage.
Edmund is almost dead.
Edmund hits you with a +2 flail of protection.
* * * LOW HITPOINT WARNING * * *
You barely miss Edmund.
Edmund is almost dead.
Edmund misses you.
You barely miss Edmund. You bite Edmund, but do no damage.
Edmund is almost dead.
You hit Edmund. You punch Edmund.
Edmund is almost dead.
Edmund hits you with a +2 flail of protection!
* * * LOW HITPOINT WARNING * * *
It was a potion of resistance.
You feel protected.
Edmund hits you with a +2 flail of protection!
You die...

### ##### ..# .... ..# ...
..### ..# ....##### ..#
........######## ##..# ...
..##...........## ##...#....
.>######..####..###..((((.._
....# ##...###.@@Z....#.(..
###.# ###....###.....# (
....## ####.# #.....# .#....
#.# #.....# ...... #..
#........ ..#...
##.##........ ..#....
..##........ #.....#
#.........## ......## ##
####...


You could see Edmund and a hound skeleton.

Vanquished Creatures
  2 ogres
  A howler monkey (D:4)
  A crimson imp (D:3)
  A jelly (D:5)
  A hound (D:4)
  Terence (D:3)
  An iguana (D:5)
  2 hound skeletons (D:4)
  3 gnolls (D:2)
  3 adders
  3 oozes
  2 worms (D:2)
  2 leopard geckos
  2 orcs
  A giant cockroach (D:3)
  2 goblins (D:1)
  6 hobgoblins
  8 jackals
  3 kobolds
  A quokka (D:4)
  A ball python (D:3)
  6 bats
  7 frilled lizards
  8 rats
68 creatures vanquished.

Vanquished Creatures (others)
  A plant (D:4)
1 creature vanquished.

Grand Total: 69 creatures vanquished

Notes
Turn   | Place    | Note
-------+----------+-------------------------------------------
     0 | D:1      | Almogavar the Gnoll Wanderer began the quest for the Orb.
     0 | D:1      | Almogavar set off with the following items: a +0 hand axe,
                  | a +0 ring mail, a +0 dagger; and the following spell
                  | memorised: Freeze; and the following spells available to
                  | memorise: Frozen Ramparts, Ozocubu's Armour, Hailstorm,
                  | Summon Ice Beast
     0 | D:1      | Reached XP level 1. HP: 20/20 MP: 1/1
   363 | D:1      | Reached XP level 2. HP: 26/26 MP: 2/2
   872 | D:2      | Reached XP level 3. HP: 30/31 MP: 3/3
  1123 | D:2      | Found a radiant altar of Vehumet.
  1222 | D:2      | Reached skill level 1 in Invocations
  1421 | D:2      | Reached skill level 1 in Short Blades
  1421 | D:2      | Reached skill level 1 in Long Blades
  1421 | D:2      | Reached skill level 1 in Maces & Flails
  1421 | D:2      | Reached skill level 1 in Polearms
  1421 | D:2      | Reached skill level 1 in Staves
  1421 | D:2      | Reached skill level 1 in Slings
  1421 | D:2      | Reached skill level 1 in Bows
  1421 | D:2      | Reached skill level 1 in Crossbows
  1421 | D:2      | Reached skill level 1 in Throwing
  1421 | D:2      | Reached skill level 1 in Dodging
  1421 | D:2      | Reached skill level 1 in Shields
  1421 | D:2      | Reached skill level 1 in Unarmed Combat
  1421 | D:2      | Reached skill level 1 in Spellcasting
  1421 | D:2      | Reached skill level 1 in Evocations
  1421 | D:2      | Reached XP level 4. HP: 38/38 MP: 5/5
  1805 | D:3      | Noticed Terence
  1833 | D:3      | Killed Terence
  1834 | D:3      | Reached skill level 1 in Conjurations
  1834 | D:3      | Reached skill level 1 in Hexes
  1834 | D:3      | Reached skill level 1 in Summonings
  1834 | D:3      | Reached skill level 1 in Necromancy
  1834 | D:3      | Reached skill level 1 in Translocations
  1834 | D:3      | Reached skill level 1 in Transmutations
  1834 | D:3      | Reached skill level 1 in Fire Magic
  1834 | D:3      | Reached skill level 1 in Air Magic
  1834 | D:3      | Reached skill level 1 in Poison Magic
  2138 | D:3      | Reached XP level 5. HP: 43/43 MP: 6/6
  2391 | D:3      | Found a basalt altar of Yredelemnul.
  2433 | D:3      | Found a burning altar of Makhleb.
  2738 | D:3      | Found a faded altar of an unknown god.
  2922 | D:4      | Noticed an ogre
  3093 | D:4      | Found a shadowy altar of Dithmenos.
  3253 | D:4      | Found a shimmering blue altar of Sif Muna.
  3285 | D:4      | Killed an ogre
  3286 | D:4      | Reached XP level 6. HP: 22/50 MP: 8/8
  3600 | D:4      | Reached skill level 5 in Fighting
  3600 | D:4      | Reached skill level 5 in Armour
  3746 | D:4      | Found a sparkling altar of Nemelex Xobeh.
  4115 | D:4      | Found a sacrificial altar of Ru.
  4794 | D:5      | Entered Level 5 of the Dungeon
  4798 | D:5      | Found a blossoming altar of Fedhas.
  4809 | D:5      | Found an ancient bone altar of Kikubaaqudgha.
  5377 | D:5      | Reached XP level 7. HP: 51/56 MP: 10/10
  5564 | D:5      | Found a hide-covered altar of Uskayaw.
  5564 | D:5      | Noticed Edmund
  5623 | D:5      | Slain by Edmund

Illustrated notes

Levels and vault maps discovered:
D:1:      dpeg_arrival_windows_large_door, layout_loops_ring, minmay_liquid_box,
          serial_bayou_crossing
D:2:      layout_basic, nicolae_overflow_crystal_walls
D:3:      layout_loops_cross, old_standard_altar, makhleb_grotto_becter,
          chequers_ecumenical_altar_island, uniq_terence
D:4:      layout_layer_cave, lemuel_round_altar,
          nemelex_xobeh_ov_fountains_minmay, old_standard_altar,
          marbit_many_paths, chequers_big_river
D:5:      layout_rooms, old_standard_altar, kiku_gazebo_garden_becter,
          old_standard_altar, zin_statuary, minmay_temple_entry_proselytizer,
          serial_corexii_hall, corexii_hall_statues_x, corexii_hall_statues_x,
          serial_shops, nicolae_shop_trees, grunt_decor_junction, uniq_edmund

Skill      XL: |  1  2  3  4  5  6 |
---------------+-------------------+-----
Earth Magic    | 2 |  2.8
Invocations    | 1 2 |  2.5
Short Blades   | 1 2 |  2.3
Long Blades    | 1 2 |  2.3
Maces & Flails | 1 2 |  2.3
Polearms       | 1 2 |  2.3
Staves         | 1 2 |  2.3
Slings         | 1 2 |  2.3
Bows           | 1 2 |  2.3
Crossbows      | 1 2 |  2.3
Throwing       | 1 2 |  2.3
Dodging        | 1 2 |  2.3
Shields        | 1 2 |  2.3
Unarmed Combat | 1 2 |  2.3
Spellcasting   | 1 2 |  2.3
Evocations     | 1 2 |  2.3
Conjurations   | 1 |  1.8
Hexes          | 1 |  1.8
Summonings     | 1 |  1.8
Necromancy     | 1 |  1.8
Translocations | 1 |  1.8
Transmutations | 1 |  1.8
Fire Magic     | 1 |  1.8
Air Magic      | 1 |  1.8
Poison Magic   | 1 |  1.8
Axes           | 3 |  3.5
Ice Magic      | 4 |  4.2
Fighting       | 5 |  5.1
Armour         | 5 |  5.1
Stealth        | |  4.8

Action                   |  1- 3 |  4- 6 |  7- 9 || total
-------------------------+-------+-------+-------++-------
Melee: Hand axe          |    52 |   137 |    45 ||   234
       Bite              |    11 |    10 |     7 ||    28
       Punch             |       |       |     2 ||     2
 Fire: Hunting sling     |    38 |   147 |     7 ||   192
Throw: Stone             |    13 |       |       ||    13
  Use: Scroll            |     6 |     3 |       ||     9
       Potion            |       |       |     2 ||     2
 Stab: Sleeping          |     3 |     2 |       ||     5
Armor: Ring mail         |    34 |    50 |       ||    84
       Leather armour    |       |    12 |     9 ||    21
Dodge: Dodged            |    31 |   111 |    17 ||   159
